 Dungeon Crawl Stone Soup version 0.20.1-1-g8b1a95d (webtiles) character file.

43 pool77 the Shield-Bearer (level 3, -7/36 HPs)
             Began as a Troll Fighter on Dec 8, 2017.
             Was an Initiate of Ashenzari.
             Mangled by a gnoll
             ... wielding a +0 club
              (11 damage)
             ... on level 2 of the Dungeon.
             The game lasted 00:04:29 (909 turns).

pool77 the Shield-Bearer (Troll Fighter)             Turns: 909, Time: 00:04:30

Health: -7/36      AC:  5    Str: 24    XL:     3   Next: 37%
Magic:  2/2        EV:  8    Int:  4    God:    Ashenzari [......]
Gold:   74         SH:  9    Dex: 10    Spells: 2/2 levels left

rFire    . . .     SeeInvis .   a - +0 war axe (curse)
rCold    . . .     Gourm    +   c - +0 shield
rNeg     . . .     Faith    .   b - +0 robe
rPois    .         Spirit   .   (helmet restricted)
rElec    .         Reflect  .   (no cloak)
rCorr    .         Harm     .   (gloves unavailable)
MR       .....                  (boots unavailable)
Stlth    +.........             (no amulet)
Regen    0.6/turn               (no ring)
MPRegen  0.1/turn               (no ring)

@: no status effects
A: unfitting armour, claws 3, fast metabolism 3, gourmand, regeneration 1,
shaggy fur 1, tough skin 2
a: Curse Item, Renounce Religion


You were on level 2 of the Dungeon.
You worshipped Ashenzari.
Ashenzari was noncommittal.
You were not hungry.

You visited 1 branch of the dungeon, and saw 2 of its levels.

You collected 74 gold pieces.

Inventory:

Hand Weapons
 a - a cursed +0 war axe (weapon)
 g - a +3 dagger
Missiles
 h - 61 stones (quivered)
Armour
 b - a +0 robe (worn)
 c - a +0 shield (worn)
Scrolls
 i - a scroll of remove curse
Potions
 d - a potion of might
Comestibles
 f - 3 bread rations


   Skills:
 + Level 2.5 Fighting
 + Level 2.1 Axes
 + Level 2.7 Dodging
 + Level 2.8 Shields


You had 2 spell levels left.
You didn't know any spells.

Dungeon Overview and Level Annotations

Branches:
Dungeon (2/15)

Altars:
Ashenzari


Innate Abilities, Weirdness & Mutations

You are too large for most types of armour.
You have claws for hands.
Your metabolism is lightning-fast.
You like to eat raw meat.
Your natural rate of healing is unusually fast.
You are covered in fur. (AC +1)
You have very tough skin. (AC +2)


Message History

You completely miss the gnoll. The gnoll hits you with a club.
The gnoll hits you.
You barely miss the gnoll.
The gnoll is lightly wounded.
You hit the gnoll. The gnoll closely misses you. You block the gnoll's attack.
The gnoll barely misses you. The gnoll hits you but does no damage.
Your shield prevents you from hitting the gnoll.
The gnoll is lightly wounded.
You hit the gnoll. The gnoll hits you with a club. The gnoll hits you.
* * * LOW HITPOINT WARNING * * *
You closely miss the gnoll.
The gnoll is lightly wounded.
You closely miss the gnoll. The gnoll hits you with a club.
* * * LOW HITPOINT WARNING * * *
The gnoll hits you but does no damage.
You hit the gnoll but do no damage.
The gnoll is severely wounded.
You barely miss the gnoll. The gnoll hits you but does no damage.
The gnoll hits you with a club!
You die...

... . #.# .P####
#.# .....
#.####### .
.P.##!.......
♣..♣
#..........#
♣...#.gg....#$?#
#...@).†......
###.<.....##.#
#...........
.....##...(...#
.######.#######
##...## ##.....#
#..###.#
###.##...####


You could see 2 gnolls.

Vanquished Creatures
  A gnoll (D:2)
  An adder (D:2)
  A dart slug (D:1)
  3 goblins
  3 hobgoblins (D:1)
  3 kobolds
  5 bats (D:1)
  3 frilled lizards (D:1)
  3 rats (D:1)
23 creatures vanquished.

Vanquished Creatures (others)
  A hobgoblin (D:2)
1 creature vanquished.

Grand Total: 24 creatures vanquished

Notes
Turn   | Place    | Note
-------+----------+-------------------------------------------
     0 | D:1      | pool77 the Troll Fighter began the quest for the Orb.
     0 | D:1      | Reached XP level 1. HP: 22/22 MP: 0/0
   320 | D:1      | Reached XP level 2. HP: 29/29 MP: 1/1
   655 | D:1      | Found a shattered altar of Ashenzari.
   685 | D:1      | Became a worshipper of Ashenzari the Shackled
   893 | D:2      | Reached XP level 3. HP: 36/36 MP: 2/2
   909 | D:2      | Mangled by a gnoll

Skill      XL: |  1  2  3 |
---------------+----------+-----
Axes           | 2 |  2.1
Fighting       | |  2.5
Dodging        | |  2.7
Shields        | |  2.8

Action                   || total
-------------------------++-------
Melee: War axe           ||    71
Invok: Curse Item        ||     1
  Use: Scroll            ||     1
  Eat: Chunk             ||     4
       Bread ration      ||     1
Armor: Robe              ||    38
Dodge: Dodged            ||    28
Block: Shield            ||    52
